 Seeded DCSS version 0.30-a0-613-gdd512c7efb (webtiles) character file.

Game seed: 2050236378858804499 (custom seed)

1445 purpskrrrp the Shooter (level 8, 0/64 HPs)
             Began as a Demonspawn Hunter on Jan 9, 2023.
             Slain by Menkaure (20 damage)
             ... on level 5 of the Dungeon.
             The game lasted 00:06:47 (4328 turns).

purpskrrrp the Shooter (Demonspawn Hunter)          Turns: 4328, Time: 00:06:47

Health: 0/64       AC:  5    Str: 12    XL:     8   Next: 46%
Magic:  17/17      EV: 12    Int: 11    God:
Gold:   204        SH:  0    Dex: 18    Spells: 7/7 levels left

rFire   . . .      SeeInvis .    a - +0 shortbow (drain)
rCold   . . .      Faith    .    (shield currently unavailable)
rNeg    . . .      Spirit   .    c - +0 leather armour
rPois   .          Reflect  .    (helmet restricted)
rElec   .          Harm     .    n - +0 cloak
rCorr   +          Rampage  .    (no gloves)
Will    .....                    (no boots)
Stlth   +++                      (no amulet)
HPRegen 0.30/turn                y - ring of resist corrosion
MPRegen 0.15/turn                E - ring of magical power

@: no status effects
A: horns 1, rugged brown scales 1, powered by death 2, spiny 1
a: no special abilities


You were on level 5 of the Dungeon.
You visited 1 branch of the dungeon, and saw 5 of its levels.
You also visited: Sewer.

You collected 299 gold pieces.
You spent 95 gold pieces at shops.

Inventory:

Hand Weapons
 a - a +0 shortbow of draining (weapon)
Armour
 c - a +0 leather armour (worn)
 n - a +0 cloak (worn)
 v - a +0 kite shield
Jewellery
 r - a ring of ice
 y - a ring of resist corrosion (left hand)
 C - a ring of flight
 E - a ring of magical power (right hand)
Wands
 w - a wand of mindburst (1)
 B - a wand of roots (2)
Scrolls
 b - 3 scrolls of immolation
 d - 3 scrolls of teleportation
 e - 10 scrolls of identify
 h - a scroll of summoning {unknown}
 j - 2 scrolls of silence {unknown}
 m - a scroll of noise {unknown}
 o - 3 scrolls of poison {unknown}
 q - 3 scrolls of enchant armour {unknown}
 s - a scroll of fog {unknown}
 u - a scroll of amnesia {unknown}
 z - a scroll of fear {unknown}
 A - a scroll of magic mapping
Potions
 f - 2 potions of resistance {unknown}
 g - a potion of ambrosia {unknown}
 i - a potion of mutation {unknown}
 k - 5 potions of might {unknown}
 l - 3 potions of flight {unknown}
 p - 2 potions of curing {unknown}
 t - a potion of degeneration {unknown}
 x - 3 potions of cancellation {unknown}
 D - 3 potions of invisibility {unknown}


   Skills:
 + Level 5.5 Fighting
 * Level 7.8 Ranged Weapons
 - Level 1.7 Dodging
 + Level 5.2 Stealth


You had 7 spell levels left.
You didn't know any spells.
Your spell library contained the following spells:

 Spells                   Type           Power      Damage    Failure   Level
 Hailstorm                Conj/Ice       0%         3d3       80%         3
 Ozocubu's Armour         Ice            0%         N/A       80%         3
 Ice Form                 Ice/Tmut       0%         N/A       99%         4
 Simulacrum               Ice/Necr       0%         N/A       100%        6
 Ozocubu's Refrigeration  Ice            0%         4d7       100%        7


Dungeon Overview and Level Annotations

Branches:
Dungeon (5/15)             Temple (0/1) D:5           Sewer (visited)

Altars:
Kikubaaqudgha
Nemelex Xobeh
Qazlal
Sif Muna

Shops:
D:3 [*[?!

Annotations:
D:5 Menkaure


Innate Abilities, Weirdness & Mutations

You have a pair of small horns on your head.
You are partially covered in rugged brown scales. (AC +1, +3% HP)
You regenerate health from kills.
You are partially covered in sharp spines.


Message History

You shoot an arrow. The arrow barely misses Menkaure.
Menkaure is struck by your spines. Menkaure barely misses you.
You shoot an arrow. The arrow hits Menkaure!
Menkaure is almost destroyed.
Menkaure calls on the powers of darkness!
Your body is wracked with pain!
* * * LOW HITPOINT WARNING * * *
You are too injured to fight recklessly!
You are too injured to fight recklessly!
You are too injured to fight recklessly!
You are too injured to fight recklessly!
You are too injured to fight recklessly!
You are too injured to fight recklessly!
You are too injured to fight recklessly!
You are too injured to fight recklessly!
You are too injured to fight recklessly!
You are too injured to fight recklessly!
You are too injured to fight recklessly!
You are too injured to fight recklessly!
You are too injured to fight recklessly!
You are too injured to fight recklessly!
You are too injured to fight recklessly!
You are too injured to fight recklessly!
You are too injured to fight recklessly!
You are too injured to fight recklessly!
You are too injured to fight recklessly!
You are too injured to fight recklessly!
You are too injured to fight recklessly!
Fire: a) +0 shortbow (drain)
Press: ? - help, Shift-Dir - straight line, f/p - Menkaure
Aim: Menkaure (almost destroyed, 79% to hit)
You shoot an arrow.
The arrow hits Menkaure but does no damage.
Menkaure is almost destroyed.
Menkaure completely misses you.
Fire: a) +0 shortbow (drain)
Press: ? - help, Shift-Dir - straight line, f/p - Menkaure
Aim: Menkaure (almost destroyed, 79% to hit)
You shoot an arrow. The arrow barely misses Menkaure.
Menkaure hits you!!
You die...

#.# #.. ## #.#
### ..# #.#
#.# #.# #.#
#.# #.# #.#
#.# #.#
#####.# #.#
#.@...# #.#
###M###.# #.#
........# #.#
#.≈§§≈≈≈.# #.#
#.§≈≈§≈§.###.#
#.≈§..§≈.##..#
§.≈≈>_≈≈.##.##
#..≈≈≈≈≈≈....#
.§≈≈§≈≈)#..#


You could see Menkaure.

Vanquished Creatures
  Grinder (Sewer)
  Eustachio (D:5)
  An ice beast (D:5)
  An ogre (D:5)
  2 black bears
  A phantom (D:5)
  A kobold brigand (Sewer)
  A scorpion (D:5)
  A vampire bat (D:5)
  2 quasits (Sewer)
  A hound (D:4)
  Crazy Yiuf (D:4)
  Jessica (D:3)
  Ijyb (D:4)
  An iguana (D:5)
  3 adders
  5 shadow imps (Sewer)
  An ufetubus (Sewer)
  8 worms
  2 dart slugs
  3 fire bats (D:5)
  3 orcs
  2 spectral bats (D:5)
  10 ball pythons
  17 bats
  3 bat skeletons (D:5)
  2 bat zombies
  6 endoplasms
  3 giant cockroaches
  7 goblins
  11 hobgoblins
  4 quokkas
  A bat simulacrum (D:5)
  2 frilled lizards (D:3)
  24 kobolds
  6 rats
140 creatures vanquished.

Notes
Turn   | Place    | Note
-------+----------+-------------------------------------------
     0 | D:1      | purpskrrrp the Demonspawn Hunter began the quest for the
                  | Orb.
     0 | D:1      | Reached XP level 1. HP: 16/16 MP: 1/1
   124 | D:1      | Reached skill level 1 in Stealth
   177 | D:1      | Found a faded altar of an unknown god.
   257 | D:1      | Gained mutation: You regenerate a little health from kills.
                  | [demonic ancestry]
   257 | D:1      | Reached XP level 2. HP: 22/22 MP: 2/2
   421 | D:1      | Reached skill level 4 in Ranged Weapons
   978 | D:2      | Gained mutation: You regenerate health from kills. [demonic
                  | ancestry]
   978 | D:2      | Reached XP level 3. HP: 28/28 MP: 3/3
  1110 | D:2      | Found a sparkling altar of Nemelex Xobeh.
  1691 | D:3      | Noticed Jessica
  1696 | D:3      | Killed Jessica
  1697 | D:3      | Gained mutation: You have a pair of small horns on your
                  | head. [demonic ancestry]
  1697 | D:3      | Reached XP level 4. HP: 30/34 MP: 4/4
  1754 | D:3      | Found Jusuebe's Distillery.
  1807 | D:3      | Found Hekhlu Weij's Magic Scroll Shoppe.
  1823 | D:3      | Bought a scroll of brand weapon for 95 gold pieces
  1831 | D:3      | Found Noihech's Armour Shop.
  1900 | D:3      | Found Cifuh's Assorted Antiques.
  1904 | D:3      | Found Ceocoff's Antique Armour Emporium.
  2104 | D:4      | Found a shimmering blue altar of Sif Muna.
  2288 | D:4      | Found a stormy altar of Qazlal.
  2448 | D:4      | Noticed Ijyb
  2456 | D:4      | Killed Ijyb
  2457 | D:4      | Gained mutation: You are partially covered in rugged brown
                  | scales. (AC +1, +3% HP) [demonic ancestry]
  2457 | D:4      | Reached XP level 5. HP: 24/42 MP: 5/5
  2616 | D:4      | Noticed a black bear
  2635 | D:4      | Killed a black bear
  2636 | D:4      | Reached skill level 5 in Ranged Weapons
  2642 | D:4      | Reached XP level 6. HP: 48/48 MP: 6/6
  2970 | D:4      | Found a runed translucent door.
  2971 | D:4      | Noticed Crazy Yiuf
  2979 | D:4      | Killed Crazy Yiuf
  3127 | D:5      | Entered Level 5 of the Dungeon
  3136 | D:5      | Found a staircase to the Ecumenical Temple.
  3150 | D:5      | Noticed Eustachio
  3150 | D:5      | Noticed an ice beast
  3190 | D:5      | Reached skill level 6 in Ranged Weapons
  3190 | D:5      | Gained mutation: You are partially covered in sharp spines.
                  | [demonic ancestry]
  3190 | D:5      | Reached XP level 7. HP: 45/55 MP: 7/7
  3200 | D:5      | Found a glowing drain.
  3234 | Sewer    | Entered a sewer
  3374 | Sewer    | Found a burning altar of Makhleb.
  3468 | Sewer    | Noticed Grinder
  3481 | Sewer    | Killed Grinder
  3482 | Sewer    | Reached skill level 5 in Fighting
  3482 | Sewer    | Reached skill level 7 in Ranged Weapons
  3482 | Sewer    | Reached XP level 8. HP: 46/63 MP: 8/8
  3667 | D:5      | Found a sparkling altar of Nemelex Xobeh.
  3693 | D:5      | Killed Eustachio
  3694 | D:5      | Reached skill level 5 in Stealth
  4185 | D:5      | Found an ancient bone altar of Kikubaaqudgha.
  4315 | D:5      | Noticed Menkaure
  4328 | D:5      | Slain by Menkaure

Illustrated notes

Levels and vault maps discovered:
D:1:      lightli_arrival_maybe_door_vault, layout_basic,
          shapermc_ecumenical_altar_pompeii, chequers_serial_rivers_micro_e,
          minmay_shallow_snake_nest
D:2:      layout_basic, basic_altar, minivault_26, hangedman_decor_points,
          kennysheep_nub, feat_on_display
D:3:      layout_basic, serial_shops, nicolae_diamond_shop, nicolae_square_shop,
          shop, shop, shop, uniq_jessica
D:4:      minmay_opposing_rooms, layout_basic, mainiacjoe_overflow_boulevard,
          mainiacjoe_overflow_24_doors, mainiacjoe_overflow_chevrons,
          kennysheep_little_box, amcnicky_mini_pool_small,
          uniq_crazy_yiuf_cottage, uniq_ijyb
D:5:      layout_loops_ring, lemuel_doored_altar, general_overflow_altar,
          minmay_temple_entry_tees, cheibrodos_sewer_entry_bend, goddamned_bats,
          uniq_menkaure, uniq_eustachio

Skill      XL: |  1  2  3  4  5  6  7  8 |
---------------+-------------------------+-----
Stealth        | 1 2 3 4 5 |  5.2
Ranged Weapons | 4 5 6 7 |  7.8
Fighting       | 3 4 5 |  5.5
Dodging        | |  1.7

Action                   |  1- 3 |  4- 6 |  7- 9 || total
-------------------------+-------+-------+-------++-------
 Fire: Shortbow          |   103 |   120 |   198 ||   421
  Use: Scroll            |     3 |     1 |       ||     4
       Potion            |       |     2 |       ||     2
Armor: Leather armour    |    14 |     9 |    38 ||    61
Dodge: Dodged            |    23 |    23 |    63 ||   109

Table legend: (Time is in decaauts)
 A = Elapsed time spent in this place.
 B = Non-inter-level travel time spent in this place.
 C = Inter-level travel time spent in this place.
 D = Time resting spent in this place.
 E = Time spent auto-exploring this place.
 F = Levels seen in this place.
 G = Mean time per level.
                   A        B        C        D        E       F      G
               +--------+--------+--------+--------+--------+-----+--------+
         Total |   4391 |   4162 |    229 |      0 |   3301 |   6 |  731.8 |
       Dungeon |   3964 |   3735 |    229 |      0 |   3120 |   5 |  792.8 |
         Sewer |    427 |    427 |      0 |      0 |    180 |   1 |  427.0 |
               +--------+--------+--------+--------+--------+-----+--------+

Top non-repeatable levels by time:
     D:4: 1038 daAuts
     D:1: 967 daAuts
     D:5: 809 daAuts
     D:2: 752 daAuts
   Sewer: 427 daAuts
     D:3: 396 daAuts
